AoeStats
← Blazing Cartesia, The Virtuous

Arabia

507441235Analyzed
1v1 RM · 14d ago on Sep 18, 2026· 43m 27s· 2 players
Game mode
Random Map
Map size
Tiny (2 player)
Population
200
Speed
Normal
Resources
Standard
Victory
Conquest
Starting age
Dark Age
Ending age
Imperial Age
RankedLock teamsTeams togetherTeam positionsShared explorationLock speedFull tech treeHidden civsTurbo modeCheats
Victory
Defeat
🇭🇰 Vikings · Hong Kong SAR China
1180
+15
1161
-15
Blazing Cartesia, The Virtuous
6:46 Loom
9:28 Feudal Age
12:45 Double-Bit Axe
14:49 Fletching
16:44 Padded Archer Armor
18:48 Gold Mining
22:30 Castle Age
22:15 Bloodlines
22:22 Gold Mining
22:15 Horse Collar
23:22 Bow Saw
23:41 Scale Barding Armor
25:52 Heavy Plow
27:04 Bodkin Arrow
27:01 Light Cavalry
28:53 Wheelbarrow
33:26 Gold Shaft Mining
32:42 Stone Mining
36:19 Imperial Age
34:27 Leather Archer Armor
34:42 Hand Cart
36:35 Thumb Ring
37:12 Bracer
37:17 Husbandry
37:43 Recurve Bow
38:33 Conscription
38:23 Heavy Cavalry Archer
39:56 Ballistics
40:36 Chemistry
41:37 Town Watch
42:50 Chain Barding Armor
42:08 Elite Magyar Huszar
43:14 Hussar
Mr.Bean
6:56 Loom
9:27 Feudal Age
11:29 Double-Bit Axe
18:49 Padded Archer Armor
19:49 Fletching
22:45 Castle Age
22:48 Elite Skirmisher
23:51 Bow Saw
25:44 Scale Mail Armor
25:24 Pikeman
26:16 Forging
27:09 Gold Mining
29:04 Horse Collar
30:15 Squires
31:23 Town Watch
32:40 Gold Shaft Mining
35:13 Imperial Age
33:02 Leather Archer Armor
32:41 Arson
33:29 Treadmill Crane
34:48 Chain Mail Armor
35:44 Ballistics
35:22 Bodkin Arrow
37:02 Chemistry
35:50 Gambesons
36:37 Plate Mail Armor
37:10 Siege Engineers
37:31 Conscription
38:23 Chieftains
38:31 Murder Holes
38:50 Masonry
38:35 Murder Holes
39:02 Heavy Plow
39:34 Man-at-Arms
41:00 Bracer
41:31 Ring Archer Armor
41:37 Iron Casting
41:25 Long Swordsman
43:27 Crop Rotation
Connection lost

Rejoining the realm…

Still unreachable

The connection could not be restored.

Session expired

The server has moved on; the page needs a fresh start.